 Dungeon Crawl Stone Soup version 0.30.0-30-g96aa6591b8 (webtiles) character file.

Game seed: 18349404380313019034

6 croobank the Firebug (level 1, 0/11 HPs)
             Began as an Octopode Fire Elementalist on June 27, 2023.
             Was a Follower of Sif Muna.
             Slain by a giant cockroach (2 damage)
             ... on level 2 of the Dungeon.
             The game lasted 00:01:52 (724 turns).

croobank the Firebug (Octopode Fire Elementalist)    Turns: 724, Time: 00:01:53

Health: 0/11       AC:  1    Str:  7    XL:     1   Next: 90%
Magic:  0/3        EV: 13    Int: 17    God:    Sif Muna [*.....]
Gold:   102        SH:  0    Dex: 12    Spells: 3/4 levels left

rFire   . . .        g - +2 whip (flame)
rCold   . . .        (no shield)
rNeg    . . .        (helmet restricted)
rPois   .            (no amulet)
rElec   .            (no ring)
rCorr   .            (no ring)
SInv    .            (no ring)
Will    .....        (no ring)
Stlth   +++          (no ring)
HPRegen 0.21/turn    (no ring)
MPRegen 0.08/turn    (no ring)
                     (no ring)

%: no passive effects
@: lethally poisoned (0 -> -2)
A: almost no armour, amphibious, 8 rings, camouflage 1, gelatinous body 1,
(nimble swimmer 1), tentacles
a: Renounce Religion, Channel Magic


You were on level 2 of the Dungeon.
You worshipped Sif Muna.
Sif Muna was aware of your devotion.
You visited 1 branch of the dungeon, and saw 2 of its levels.

You collected 102 gold pieces.

Inventory:

Hand Weapons
 d - a +0 mace
 g - a +2 whip of flaming (weapon)
 h - a +0 long sword
Scrolls
 c - a scroll of identify {unknown}
 f - a scroll of fog {unknown}
Potions
 a - a potion of magic
 b - a potion of curing {unknown}
 e - a potion of resistance {unknown}


   Skills:
 + Level 0.1 Fighting
 + Level 2.0 Dodging
 + Level 2.8 Stealth
 + Level 2.1 Spellcasting
 + Level 1.1 Conjurations
 + Level 3.1 Fire Magic
 + Level 0.1 Invocations


You had 3 spell levels left.
You knew the following spells:

 Your Spells              Type           Power      Damage    Failure   Level
a - Foxfire               Conj/Fire      32%        2x1d5     9%          1

Your spell library contained the following spells:

 Spells                   Type           Power      Damage    Failure   Level
 Scorch                   Fire           24%        2d6       9%          2
 Inner Flame              Hex/Fire       7%         N/A       30%         3
 Volatile Blastmotes      Fire/Tloc      14%        2d11      30%         3
 Flame Wave               Conj/Fire      8%         2d5       63%         4


Dungeon Overview and Level Annotations

Branches:
Dungeon (2/15)

Altars:
Sif Muna


Innate Abilities, Weirdness & Mutations

You cannot wear most types of armour.
You are amphibious.
You can wear up to eight rings at the same time.
Your skin changes colour to match your surroundings (Stealth+).
Your rubbery body absorbs attacks. (AC +1, EV +1)
((You are camouflaged when in or above water. (Stealth+)))
You have tentacles for arms and can constrict up to eight enemies at once.


Message History

An adder comes into view.
Casting: Foxfire (safe; 9% risk of failure)
Confirm with . or Enter, or press ? or * to list all spells.
You conjure some foxfire!
Casting: Foxfire (safe; 9% risk of failure)
Confirm with . or Enter, or press ? or * to list all spells.
You conjure some foxfire!
The foxfire hits the adder.
The adder is lightly wounded.
The foxfire hits the ball python.
The ball python is moderately wounded.
The foxfire hits the adder.
The adder is heavily wounded.
The foxfire hits the ball python.
You kill the ball python!
Sif Muna accepts your kill. The adder bites you.
You are poisoned.
The adder poisons you!
You see here a +0 long sword.
h - a +0 long sword You feel sick.
The adder closely misses you. The adder misses you.
Casting: Foxfire (safe; 9% risk of failure)
Confirm with . or Enter, or press ? or * to list all spells.
You don't know that spell.
Casting: Foxfire (safe; 9% risk of failure)
Confirm with . or Enter, or press ? or * to list all spells.
You conjure some foxfire!
You feel sick. The adder barely misses you. The giant cockroach bites you.
* * * LOW HITPOINT WARNING * * *
You hit the adder. You burn the adder. Your grab misses the adder.
You squeeze the adder.
You kill the adder!
Sif Muna accepts your kill.
* * * LOW HITPOINT WARNING * * *
You feel sick.
The foxfire hits the giant cockroach but does no damage.
The foxfire hits the giant cockroach.
The giant cockroach is moderately wounded.
The giant cockroach bites you.
You die...

...# ....# ### #..
#.... ... ... #.#.#
#.# #.# #.#.# #.# #.#
#####†#.#### #.# #.#
...........###.# #.#
####†B.........####.#
#.@.............<#
#.####.#########.# #.
#.# #.# #. #.# #.# #.
### #.# .. #.# ## ..#
###


You could see a giant cockroach.

Vanquished Creatures
  An adder (D:2)
  A goblin (D:1)
  A hobgoblin (D:1)
  A ball python (D:2)
  A kobold (D:1)
  3 rats (D:1)
8 creatures vanquished.

Vanquished Creatures (others)
  21 foxfires
21 creatures vanquished.

Grand Total: 29 creatures vanquished

Notes
Turn   | Place    | Note
-------+----------+-------------------------------------------
     0 | D:1      | croobank the Octopode Fire Elementalist began the quest for
                  | the Orb.
     0 | D:1      | Reached XP level 1. HP: 11/11 MP: 3/3
   135 | D:1      | Found a faded altar of an unknown god.
   162 | D:1      | Prayed at the altar of an unknown god.
   162 | D:1      | Became a worshipper of Sif Muna the Loreminder
   162 | D:1      | Reached * piety under Sif Muna
   724 | D:2      | Slain by a giant cockroach

Illustrated notes

Levels and vault maps discovered:
D:1:      dpeg_arrival_round_a, layout_basic,
          shapermc_ecumenical_altar_flowoftime
D:2:      layout_basic, basic_altar, minmay_3d_cube, uniq_terence, uniq_jessica,
          uniq_robin

Action                     || total
---------------------------++-------
  Melee: Unarmed           ||    21
         Constrict         ||     9
         Tentacles         ||     7
         Whip              ||     1
   Cast: Foxfire           ||    12
 Armour: Skin              ||     1
  Dodge: Dodged            ||     5
